 Dungeon Crawl Stone Soup version 0.31-a0-185-g9dded2c639 (webtiles) character file.

Game seed: 5241568922945093699

21 qw the Shooter (level 2, 0/16 HPs)
             Began as a Deep Elf Hunter on June 22, 2023.
             Succumbed to their own poison gas
             ... on level 1 of the Dungeon.
             The game lasted 00:00:13 (616 turns).

qw the Shooter (Deep Elf Hunter)                     Turns: 616, Time: 00:00:14

Health: 0/16       AC:  4    Str:  8    XL:     2   Next: 62%
Magic:  4/4        EV: 12    Int: 13    God:
Gold:   79         SH:  0    Dex: 18    Spells: 1/1 levels left

rFire   . . .        Y - +0 shortbow
rCold   . . .        (shield currently unavailable)
rNeg    . . .        c - +0 leather armour
rPois   .            (no helmet)
rElec   .            (no cloak)
rCorr   .            (no gloves)
SInv    .            k - +0 pair of boots
Will    .....        (no amulet)
Stlth   ++           (no ring)
HPRegen 0.22/turn    (no ring)
MPRegen 0.09/turn

%: no passive effects
@: lethally poisoned (0 -> -6)
A: no striking features
a: no special abilities


You were on level 1 of the Dungeon.
You visited 1 branch of the dungeon, and saw 1 of its levels.

You collected 79 gold pieces.


   Skills:
 - Level 1.5 Fighting
 + Level 6.4 Ranged Weapons
 - Level 2.4 Dodging
 - Level 1.2 Stealth


You had one spell level left.
You didn't know any spells.
Your spell library was empty.

Inventory:

Hand Weapons
 Y - a +0 shortbow (weapon)
Armour
 c - a +0 leather armour (worn)
 k - a +0 pair of boots (worn)
Potions
 f - a potion of curing {unknown}
 g - a potion of heal wounds {unknown}
 i - a potion of lignification {unknown}
 j - a potion of resistance {unknown}

Dungeon Overview and Level Annotations

Branches:
Dungeon (1/15)

Altars:


Message History

609 ||| READING scroll labelled WUITOV ZEL.
As you read the scroll labelled WUITOV ZEL, it crumbles to dust.
It is a scroll of identify.
Really abort (and waste the scroll)?
Done exploring.
610 ||| READING scroll labelled ISOIDE CUEK.
As you read the scroll labelled ISOIDE CUEK, it crumbles to dust.
The air around you briefly surges with heat, but it dissipates.
It was a scroll of immolation.
Done exploring.
611 ||| DROPPING 2 scrolls of poison.
You drop 2 scrolls of poison.
Done exploring.
612 ||| DROPPING scroll of butterflies.
You drop a scroll of butterflies.
Done exploring.
(D) Dungeon
Where to? (* - list waypoints, ? - help)
What level of the Dungeon? (default 1, ? - help) Sorry, I don't know how to get there.
Enter note:
Enter note:
Enter note:
Enter note:
Enter note:
Enter note:
Enter note:
Enter note:
Enter note: Really walk into that cloud of poison gas?
You are engulfed in poison gas.
You are poisoned.
Ouch! That really hurt!
You feel very sick.
614 ||| Stepping ~*~*~tactically~*~*~ (cloud).
You feel very sick.
Things that are here:
a scroll of butterflies; 2 scrolls of poison
There is a lethal amount of poison in your body!
You feel sick.
There is a lethal amount of poison in your body!
You die...

#####.#### #.....#........####
.........##########.#.0¤.....#
#
.........'..........#00¤.....#
#
.........############¤00.....#
# .........#
#¤¤¤¤¤¤¤¤0¤¤¤.....# #
########## #0¤0¤0000¤¤0¤.....#
# #¤0¤0¤¤¤¤¤0¤¤.....####
###¤¤¤¤0¤¤0¤00¤.........
#¤0¤¤00@¤¤0¤0¤0.....####
#¤¤0¤0¤0#####0¤....#####
#00¤¤¤¤0# #......# #..
######### #......# #..
#......# #.. ######## #.. #..
########.. #.........


There were no monsters in sight!

Vanquished Creatures
  A dart slug (D:1)
  An endoplasm (D:1)
  A giant cockroach (D:1)
  2 goblins (D:1)
  A hobgoblin (D:1)
  A quokka (D:1)
  2 ball pythons (D:1)
  2 bats (D:1)
  3 frilled lizards (D:1)
  3 kobolds (D:1)
  3 rats (D:1)
20 creatures vanquished.

Notes
Turn   | Place    | Note
-------+----------+-------------------------------------------
     0 | D:1      | qw the Deep Elf Hunter began the quest for the Orb.
     0 | D:1      | Reached XP level 1. HP: 12/12 MP: 3/3
     0 | D:1      | 0 ||| qw: Version: 0.3-a-9-g12657ce
     0 | D:1      | 0 ||| qw: Game counter: 1657
     0 | D:1      | 0 ||| qw: Always use a shield: true
     0 | D:1      | 0 ||| qw: God list: Okawaru
     0 | D:1      | 0 ||| qw: Allow faded altars: false
     0 | D:1      | 0 ||| qw: Do Orc after D:15 true
     0 | D:1      | 0 ||| qw: Do second Lair branch before Depths: true
     0 | D:1      | 0 ||| qw: Lair rune preference: random
     0 | D:1      | 0 ||| qw: Plans: Normal, Zot:1-4, Slime:5, God:TSO, Crypt,
                  | Tomb, Abyss, Pan, Hells, Win
     0 | D:1      | 0 ||| PLANNING D:1-11
   202 | D:1      | Reached XP level 2. HP: 16/16 MP: 4/4
   204 | D:1      | Reached skill level 6 in Ranged Weapons
   603 | D:1      | 603 ||| UPGRADING to +0 pair of boots.
   608 | D:1      | 608 ||| READING 3 scrolls labelled HIUFIY LIATE.
   609 | D:1      | 609 ||| READING scroll labelled WUITOV ZEL.
   610 | D:1      | 610 ||| READING scroll labelled ISOIDE CUEK.
   611 | D:1      | 611 ||| DROPPING 2 scrolls of poison.
   612 | D:1      | 612 ||| DROPPING scroll of butterflies.
   614 | D:1      | 614 ||| Stepping ~*~*~tactically~*~*~ (cloud).
   614 | D:1      | HP: 3/16 [poisoned by you (poison gas)]
   616 | D:1      | Succumbed to their own poison gas

Levels and vault maps discovered:
D:1:      minmay_arrival_cross, layout_basic

Skill      XL: |  1  2 |
---------------+-------+-----
Ranged Weapons | 6 |  6.4
Fighting       | |  1.5
Dodging        | |  2.4
Stealth        | |  1.2

Action                     || total
---------------------------++-------
   Fire: Shortbow          ||    42
    Use: Scroll            ||     3
 Armour: Leather armour    ||     2
  Dodge: Dodged            ||     8

Table legend:
 A = Non-vault XP
 B = Vault XP
 C = Vault XP percentage of total XP
 D = Non-vault monster count
 E = Vault monster count
 F = Vault count percentage of total count
                 A         B        C        D         E       F
            +---------+---------+-------+---------+---------+-------
      Total |      30 |       0 |   0.0 |      20 |       0 |   0.0
            +---------+---------+-------+---------+---------+-------
        D:1 |      30 |       0 |   0.0 |      20 |       0 |   0.0
            +---------+---------+-------+---------+---------+-------
